 Seeded DCSS version 0.29.1-13-g9f3cf754e1 (webtiles) character file.

Game seed: 323535679049059339 (custom seed)

1624 sanboga the Cleaver (level 8, -7/73 HPs)
             Began as a Minotaur Berserker on Feb 2, 2023.
             Was a Priest of Trog.
             Engulfed by a cloud of steam (13 damage)
             ... on level 7 of the Dungeon.
             The game lasted 00:09:49 (8743 turns).

sanboga the Cleaver (Minotaur Berserker)            Turns: 8743, Time: 00:09:49

Health: -7/73      AC:  3    Str: 30    XL:     8   Next: 65%
Magic:  7/7        EV: 12    Int:  4    God:    Trog [***...]
Gold:   551        SH:  5    Dex:  9    Spells: 7/7 levels left

rFire   . . .      SeeInvis .   e - +2 broad axe "Jellybane" {vorpal, Str+5}
rCold   . . .      Faith    .   (no shield)
rNeg    . . .      Spirit   .   b - +0 animal skin
rPois   .          Reflect  +   (helmet restricted)
rElec   .          Harm     .   (no cloak)
rCorr   .          Rampage  .   h - +0 pair of gloves
Will    .....                   (no boots)
Stlth   +.........              q - amulet of reflection
HPRegen 0.22/turn               y - ring of flight
MPRegen 0.10/turn               (no ring)

@: flying
A: horns 2, retaliatory headbutt
a: Renounce Religion, Berserk, Trog's Hand


You were on level 7 of the Dungeon.
You worshipped Trog.
Trog was most pleased with you.
You visited 1 branch of the dungeon, and saw 7 of its levels.

You collected 551 gold pieces.

Inventory:

Hand Weapons
 e - the +2 broad axe "Jellybane" (weapon) {vorpal, Str+5}
   (You acquired it on level 2 of the Dungeon)

   It inflicts extra damage upon your enemies.
   Str:       It affects your strength (+5).
Armour
 b - a +0 animal skin (worn)
 h - a +0 pair of gloves (worn)
Jewellery
 q - an amulet of reflection (around neck)
 y - a ring of flight (left hand)
Wands
 d - a wand of roots (30)
 s - a wand of light (3)
Scrolls
 i - 3 scrolls of blinking {unknown}
 o - a scroll of silence
 p - a scroll of magic mapping
 u - 3 scrolls of identify
Potions
 a - 3 potions of heal wounds
 c - 5 potions of invisibility {unknown}
 f - 2 potions of resistance
 g - 6 potions of curing {unknown}
 j - a potion of magic {unknown}
 k - 2 potions of attraction {unknown}
 l - 2 potions of degeneration {unknown}
 m - a potion of flight {unknown}
 n - 3 potions of cancellation {unknown}
 r - a potion of haste {unknown}
 t - 2 potions of lignification {unknown}
 v - a potion of berserk rage {unknown}
 w - a potion of might {unknown}
 x - a potion of mutation {unknown}


   Skills:
 + Level 7.5 Fighting
 * Level 9.5 Axes
 + Level 6.9 Armour
 - Level 3.6 Dodging


You had 7 spell levels left.
You didn't know any spells.
Your spell library was empty.

Dungeon Overview and Level Annotations

Branches:
Dungeon (7/15)             Temple (0/1) D:7

Altars:
Gozag
Nemelex Xobeh
Ru

Shops:
D:2 (


Innate Abilities, Weirdness & Mutations

You have a pair of horns on your head.
You reflexively headbutt those who attack you in melee.


Message History

Done exploring.
Done exploring.
There is a stone staircase leading down here.
You fly downwards.
There is a stone staircase leading up here.
Done exploring.
Done exploring.
There is a stone staircase leading down here.
You fly downwards.
There is a stone staircase leading up here.
You see here a staff of fire.
Found a stone staircase leading up.
Found a stone staircase leading down.
No target in view!
A steam dragon comes into view.
The steam dragon hisses angrily.
The steam dragon breathes steam at you. The ball of steam hits you!
The steam dragon moves out of view.
You hear a shout!
You hear an angry hiss. x2
You're standing in a cloud of steam!
You're standing in a cloud of steam!
No target in view!
You are engulfed in a cloud of scalding steam.
An iguana comes into view.
You are engulfed in a cloud of scalding steam.
A jelly comes into view.
You are engulfed in a cloud of scalding steam.
A centaur comes into view.
The steam dragon bites you. The steam dragon barely misses you.
The jelly moves out of view.
You hit the steam dragon.
The steam dragon is lightly wounded.
The steam dragon breathes steam at you. The ball of steam hits you!!
* * * LOW HITPOINT WARNING * * *
You slice the steam dragon!! You headbutt the steam dragon!
You kill the steam dragon!
Trog accepts your kill.
You are engulfed in a cloud of scalding steam.
You die...

#.# # ###.# . #.
######...#####
..#.#
#......<.....#
....
#..###..####.#
#... #..# #....#
#.#l###.## #..#.#
#.<..§..#####.#.#
#....@#§...|..#.#
#.....#########.#
#.>.#.# ..
#...#.# #.
#...#.# . #.. ..#
c.. ### .#.


You could see a centaur and an iguana.

Vanquished Creatures
  Eustachio (D:4)
  A steam dragon (D:7)
  Edmund (D:5)
  A water moccasin (D:6)
  2 ogres (D:4)
  A bullfrog (D:4)
  7 scorpions
  5 hounds
  2 gnoll boudas (D:6)
  2 iguanas
  Robin (D:3)
  16 gnolls
  4 adders
  3 white imps
  An ufetubus (D:4)
  3 dart slugs
  3 worms
  4 orcs
  9 endoplasms
  7 giant cockroaches
  11 hobgoblins
  2 jackals (D:3)
  6 quokkas
  4 ball pythons
  9 bats
  A frilled lizard (D:3)
  26 goblins
  5 kobolds
  5 rats
143 creatures vanquished.

Notes
Turn   | Place    | Note
-------+----------+-------------------------------------------
     0 | D:1      | sanboga the Minotaur Berserker began the quest for the Orb.
     0 | D:1      | Reached XP level 1. HP: 19/19 MP: 0/0
   147 | D:1      | Found a faded altar of an unknown god.
   221 | D:1      | Reached XP level 2. HP: 26/27 MP: 1/1
  1799 | D:2      | Reached skill level 4 in Axes
  2127 | D:2      | Reached ** piety under Trog
  2136 | D:2      | Found a sacrificial altar of Ru.
  2237 | D:2      | Reached XP level 3. HP: 31/33 MP: 2/2
  2459 | D:2      | Reached XP level 4. HP: 33/41 MP: 3/3
  2882 | D:2      | Identified a scroll of acquirement
  2882 | D:2      | Acquired the +2 broad axe "Jellybane" {vorpal, Str+5}
  2923 | D:2      | Found Hevejis's Antique Weapon Shop.
  3424 | D:3      | Reached XP level 5. HP: 39/47 MP: 2/4
  3540 | D:3      | Noticed Robin
  3552 | D:3      | Killed Robin
  3974 | D:3      | Reached *** piety under Trog
  4289 | D:4      | Noticed Eustachio
  4463 | D:4      | Noticed an ogre
  4469 | D:4      | Killed an ogre
  4470 | D:4      | Reached skill level 5 in Fighting
  4470 | D:4      | Reached skill level 5 in Axes
  4470 | D:4      | Reached XP level 6. HP: 56/56 MP: 5/5
  4483 | D:4      | Killed Eustachio
  4484 | D:4      | Reached skill level 6 in Axes
  4884 | D:4      | Reached skill level 5 in Armour
  4884 | D:4      | Reached XP level 7. HP: 62/62 MP: 6/6
  4995 | D:4      | Reached skill level 7 in Axes
  5162 | D:4      | Found an opulent altar of Gozag.
  5524 | D:5      | Entered Level 5 of the Dungeon
  5980 | D:5      | Reached skill level 8 in Axes
  5980 | D:5      | Reached XP level 8. HP: 71/71 MP: 7/7
  6352 | D:5      | Found a sparkling altar of Nemelex Xobeh.
  6378 | D:5      | Noticed Edmund
  6385 | D:5      | Killed Edmund
  6889 | D:6      | Reached skill level 9 in Axes
  8104 | D:7      | Found a staircase to the Ecumenical Temple.
  8743 | D:7      | Engulfed by a cloud of steam

Illustrated notes

Levels and vault maps discovered:
D:1:      amcnicky_arrival_feature_with_door, layout_basic,
          hellmonk_ecumenical_altar_lost_god
D:2:      layout_basic, serial_shops, shop, basic_altar, grunt_ministairs_14
D:3:      layout_basic, minmay_goblin_outpost, uniq_robin
D:4:      layout_basic, mainiacjoe_overflow_cross_hatched,
          minmay_joined_circles, uniq_eustachio
D:5:      layout_basic, nemelex_altar_shiori, minmay_misc_feat_chi, uniq_edmund
D:6:      layout_basic, kennysheep_nondescript, feat_on_display
D:7:      layout_basic, minmay_temple_entry_mist, minmay_the_grid_2x2
          [minmay_the_grid_spikes, minmay_the_grid_minigrid_large,
          minmay_the_grid_outer_circle, minmay_the_grid_prize_shrinking_boxes]

Skill      XL: |  1  2  3  4  5  6  7  8 |
---------------+-------------------------+-----
Fighting       | 4 5 6 7 |  7.5
Axes           | 4 5 6 8 9 |  9.5
Armour         | 3 4 5 6 |  6.9
Dodging        | 3 |  3.6

Action                   |  1- 3 |  4- 6 |  7- 9 || total
-------------------------+-------+-------+-------++-------
Melee: Hand axe          |    64 |    13 |       ||    77
       Headbutt          |     5 |    18 |    20 ||    43
       Broad axe         |       |    93 |   103 ||   196
       Punch             |       |     1 |       ||     1
Invok: Berserk           |     2 |     2 |     1 ||     5
  Use: Scroll            |       |     7 |     7 ||    14
 Stab: Sleeping          |     2 |       |       ||     2
Armor: Animal skin       |    18 |    25 |     7 ||    50
Dodge: Dodged            |    61 |    88 |    53 ||   202
Block: Other             |       |     8 |    27 ||    35
       Reflection        |       |       |     2 ||     2
